 Dungeon Crawl Stone Soup version 0.19.1-1-g22dce08 (webtiles) character file.

95 MovingMist the Skirmisher (level 4, 0/41 HPs)
             Began as a Hill Orc Fighter on Jan 20, 2017.
             Slain by a hobgoblin (3 damage)
             ... on level 3 of the Dungeon.
             The game lasted 00:03:16 (1469 turns).

MovingMist the Skirmisher (Hill Orc Fighter)        Turns: 1469, Time: 00:03:17

Health: 0/41       AC:  6    Str: 18    XL:     4   Next: 65%
Magic:  4/4        EV:  8    Int:  8    God:
Gold:   61         SH:  9    Dex: 11    Spells: 0 memorised, 3 levels left

rFire  . . .     SeeInvis .     a - +0 trident
rCold  . . .     Gourm    .     b - +0 scale mail
rNeg   . . .     Faith    .     c - +0 shield
rPois  .         Spirit   .     (no helmet)
rElec  .         Reflect  .     (no cloak)
rCorr  .         Harm     .     (no gloves)
MR     .....                    (no boots)
Stlth  ..........               (no amulet)
                                (no ring)
                                (no ring)

@: no status effects
A: no striking features
a: no special abilities


You were on level 3 of the Dungeon.
You were not hungry.

You visited 1 branch of the dungeon, and saw 3 of its levels.

You collected 61 gold pieces.

Inventory:

Hand Weapons
 a - a +0 trident (weapon)
Armour
 b - a +0 scale mail (worn)
 c - a +0 shield (worn)
Wands
 g - a wand of digging (14/24)
Scrolls
 i - a scroll of blinking {unknown}
 j - 4 scrolls of identify {unknown}
 l - a scroll of noise {unknown}
 n - a scroll of random uselessness {unknown}
 o - a scroll of remove curse {unknown}
Potions
 d - a potion of might
 e - a potion of agility {unknown}
 h - a potion of cancellation {unknown}
 k - a potion of heal wounds {unknown}
 m - a potion of beneficial mutation {unknown}
 p - a potion of degeneration {unknown}
 q - a potion of curing {unknown}
 r - a potion of cure mutation {unknown}
 s - a potion of mutation {unknown}
Comestibles
 f - 3 bread rations
 t - 2 chunks of flesh


   Skills:
 + Level 4.4 Fighting
 + Level 2.9 Polearms
 - Level 3.2 Armour
 * Level 2.4 Dodging
 - Level 3.2 Shields


You had 3 spell levels left.
You didn't know any spells.

Dungeon Overview and Level Annotations

Branches:
Dungeon (3/15)

Altars:
Dithmenos
The Shining One


Message History

You hit the gnoll.
The gnoll is moderately wounded.
You block the gnoll's attack. The gnoll hits you.
* * * LOW HITPOINT WARNING * * *
The gnoll hits you from afar with a spear.
* * * LOW HITPOINT WARNING * * *
A hobgoblin comes into view.
The hobgoblin shouts!
The hobgoblin moves out of view.
You block the hobgoblin's attack.
Found a shadowy altar of Dithmenos.
The hobgoblin barely misses you. The hobgoblin barely misses you.
The hobgoblin barely misses you. The gnoll hits you.
* * * LOW HITPOINT WARNING * * *
There is a stone staircase leading up here.
The hobgoblin hits you.
You die...

#.....##...##.##..#
......#.........#
..
................# #
................#
................#
#.............g.#
##.......######g##
#....>.... #.g#
........#. ##@#
#..##. #..# ...#
#.... ......
##...... ##....##
#....#


You could see 2 gnolls and a hobgoblin.

Vanquished Creatures
  Ijyb (D:3)
  2 gnolls
  An adder (D:2)
  2 oozes
  2 dart slugs
  A leopard gecko (D:2)
  3 bats
  A giant cockroach (D:1)
  6 goblins
  A hobgoblin (D:1)
  4 frilled lizards (D:1)
  4 kobolds
  5 rats
33 creatures vanquished.

Notes
Turn   | Place    | Note
-------+----------+-------------------------------------------
     0 | D:1      | MovingMist the Hill Orc Fighter began the quest for the Orb.
     0 | D:1      | Reached XP level 1. HP: 19/19 MP: 1/1
   104 | D:1      | Reached XP level 2. HP: 27/27 MP: 2/2
   289 | D:1      | Reached skill level 1 in Dodging
   327 | D:1      | Reached skill level 4 in Fighting
   327 | D:1      | Reached XP level 3. HP: 13/33 MP: 3/3
  1047 | D:2      | Reached XP level 4. HP: 33/40 MP: 4/4
  1086 | D:2      | Found a glowing golden altar of the Shining One.
  1362 | D:3      | Noticed Ijyb
  1377 | D:3      | Killed Ijyb
  1446 | D:3      | Found a shadowy altar of Dithmenos.
  1469 | D:3      | Slain by a hobgoblin

Skill      XL: |  1  2  3 |
---------------+----------+-----
Dodging        | 1 2 |  2.4
Fighting       | 4 |  4.4
Polearms       | |  2.9
Armour         | |  3.2
Shields        | |  3.2

Action                   |  1- 3 |  4- 6 || total
-------------------------+-------+-------++-------
Melee: Trident           |   102 |    41 ||   143
  Eat: Chunk             |     1 |     1 ||     2
Armor: Scale mail        |    32 |    12 ||    44
Dodge: Dodged            |    25 |    13 ||    38
Block: Shield            |    36 |    15 ||    51
